 Dungeon Crawl Stone Soup version 0.18-a0-1197-g8004e50 (webtiles) character file.

88 Shaidar413 the Shield-Bearer (level 4, -1/40 HPs)
             Began as a Hill Orc Fighter on Jan 31, 2016.
             Killed from afar by Sigmund (6 damage)
             ... with a puff of flame
             ... on level 3 of the Dungeon.
             The game lasted 00:04:59 (1742 turns).

Shaidar413 the Shield-Bearer (Hill Orc Fighter)     Turns: 1742, Time: 00:05:00

Health: -1/40      AC:  7    Str: 19    XL:     4   Next: 53%
Magic:  4/4        EV:  7    Int:  8    God:
Gold:   58         SH:  9    Dex: 10    Spells: 0 memorised, 3 levels left

rFire  . . .     SeeInvis .     a - +0 long sword
rCold  . . .     Gourm    .     b - +0 scale mail
rNeg   . . .     Faith    .     c - +0 shield
rPois  .         Spirit   .     (no helmet)
rElec  .         Dismiss  .     (no cloak)
rCorr  .         Reflect  .     (no gloves)
SustAt .         Harm     .     (no boots)
MR     .....                    (no amulet)
Stlth  ..........               (no ring)
                                (no ring)

@: lethally poisoned (-1 -> -2), not resistant to hostile enchantments,
extremely unstealthy
A: no striking features
a: no special abilities


You were on level 3 of the Dungeon.
You were hungry.

You visited 1 branch of the dungeon, and saw 3 of its levels.

You collected 58 gold pieces.

Inventory:

Hand Weapons
 a - a +0 long sword (weapon)
Armour
 b - a +0 scale mail (worn)
 c - a +0 shield (worn)
 m - a +0 scale mail
Jewellery
 q - an uncursed amulet of regeneration {unknown}
Scrolls
 e - 2 scrolls of identify {unknown}
 i - a scroll of immolation {unknown}
 j - 2 scrolls of fear {unknown}
 l - a scroll of enchant weapon {unknown}
 p - a scroll of amnesia {unknown}
Potions
 d - 2 potions of might
 k - a potion of magic {unknown}
 n - a potion of haste {unknown}
 o - a potion of curing {unknown}
Comestibles
 f - a bread ration
 g - a meat ration
 h - a royal jelly


   Skills:
 + Level 4.1 Fighting
 + Level 2.6 Long Blades
 + Level 3.8 Armour
 + Level 1.0 Dodging
 + Level 4.3 Shields


You had 3 spell levels left.
You didn't know any spells.

Dungeon Overview and Level Annotations

Branches:
Dungeon (3/15)

Altars:
Elyvilon
Makhleb
Ru
Sif Muna
Zin
The Shining One

Annotations:
D:3 Sigmund


Message History

You kill the adder!
The goblin hits you but does no damage.
You slash the goblin!
You kill the goblin!
You feel sick. Something hits you!
* * * LOW HITPOINT WARNING * * *
Sigmund appears from thin air!
Reactivating autopickup.
Sigmund hits you but does no damage.
Things that are here:
a goblin corpse; an adder corpse You hit Sigmund.
Sigmund is lightly wounded.
You block Sigmund's attack.
You slash Sigmund!
Sigmund is moderately wounded.
You feel sick.
Sigmund points at you and mumbles some strange words.
The puff of flame hits you!
You die... ...<.)......♣ P.PP♣

# ......).....♣ ..P.♣
.#.
......K.....♣♣♣.PP♣♣...
.............♣♣P.P♣....
#.#.####g#....♣..♣....>
#.#....................
..###...........####
#....######.# ######+#
#...J@@..##.# #......#
#.######.##.# #......#
#. #.##.###......+ #.
###.#...........# #.
##...#..###......# #.
##.......###......# ..
.........#........#
.........#........#
..................#


You could see Sigmund and an ooze.

Vanquished Creatures
  Jessica (D:2)
  3 adders
  7 bats
  A giant cockroach (D:1)
  5 goblins
  2 hobgoblins
  6 kobolds
  4 quokkas
  4 giant newts
  2 rats
35 creatures vanquished.

Notes
Turn   | Place    | Note
--------------------------------------------------------------
     0 | D:1      | Shaidar413 the Hill Orc Fighter began the quest for the Orb.
     0 | D:1      | Reached XP level 1. HP: 19/19 MP: 1/1
   174 | D:1      | Reached XP level 2. HP: 27/27 MP: 2/2
   893 | D:2      | Reached XP level 3. HP: 33/33 MP: 3/3
   991 | D:2      | Reached skill level 4 in Fighting
  1096 | D:2      | Found a deep blue altar of Sif Muna.
  1139 | D:2      | Found a sacrificial altar of Ru.
  1187 | D:2      | Noticed Jessica
  1206 | D:2      | Killed Jessica
  1206 | D:2      | Reached skill level 1 in Dodging
  1206 | D:2      | Reached XP level 4. HP: 32/40 MP: 4/4
  1385 | D:2      | Found a burning altar of Makhleb.
  1386 | D:2      | Found a glowing silver altar of Zin.
  1388 | D:2      | Found a white marble altar of Elyvilon.
  1389 | D:2      | Found a glowing golden altar of the Shining One.
  1702 | D:3      | Noticed Sigmund
  1742 | D:3      | Killed from afar by Sigmund

Vault maps used:
D:1:      roderic_octagonal_star
D:2:      old_standard_altar, minitemple, overflow_temple_1_default,
          grunt_decor_mini_mirrors, roderic_hopi_sauvastika, uniq_jessica
D:3:      serial_forest, infiniplex_forest_lined_2,
          infiniplex_forest_lined_3_way, infiniplex_forest_end_2,
          infiniplex_forest_clump_long, infiniplex_forest_end_double,
          infiniplex_forest_corner_2, infiniplex_forest_clump_C, first_bread,
          uniq_sigmund

Action                   |  1- 3 |  4- 6 || total
-------------------------+-------+-------++-------
Melee: Long sword        |    99 |    40 ||   139
  Eat: Royal jelly       |       |     1 ||     1
